[Event "Early-Titled-Tuesday-Blitz-January-16-2024"]
[Site "Chess.com"]
[Date "2024.01.16"]
[Round "11"]
[White "Masterisback04"]
[Black "KSho99"]
[Result "1-0"]
[WhiteElo "1808"]
[BlackElo "2154"]
[TimeControl "180+1"]
[EndTime "10:09:34 PST"]
[Termination "Masterisback04 won on time"]

1. d4 e6 2. e3 f5 3. f4 Nf6 4. Bd3 b6 5. Nf3 Bb7 6. O-O d6 7. c4 Nbd7 8. Nbd2 Ne4 9. Qc2 Ndf6 10. b3 Qd7 11. Bb2 Be7 12. Rad1 O-O 13. Bxe4 Nxe4 14. Nxe4 Bxe4 15. Qf2 Bf6 16. Nd2 Bb7 17. Rde1 d5 18.
Nf3 a5 19. a3 a4 20. b4 dxc4 21. Ne5 Qd5 22. Rc1 b5 23. Nf3 Rad8 24. Nd2 Be7 25. Nb1 Rf6 26. Nc3 Qc6 27. Rce1 Rg6 28. Re2 Bf6 29. Bc1 Qd7 30. Qe1 Kh8 31. Bd2 Bd5 32. Qc1 Bb7 33. Be1 Qe8 34. Bg3 Rd7 35. Qd2 Rd8 36. Qe1 Ba8 37. Bh4 Bxh4 38. Qxh4 Rb8 39.
e4 fxe4 40. Nxe4 Qd8 41. Qf2 Rb6 42. Qe3 1-0

[Event "Early-Titled-Tuesday-Blitz-January-16-2024"]
[Site "Chess.com"]
[Date "2024.01.16"]
[Round "11"]
[White "DraningWaterHi"]
[Black "KVAIDAN"]
[Result "1-0"]
[WhiteElo "2191"]
[BlackElo "2385"]
[TimeControl "180+1"]
[EndTime "10:09:36 PST"]
[Termination "DraningWaterHi won by checkmate"]

1. d4 e6 2. c4 f5 3. Nc3 Nf6 4. Nf3 Be7 5. g3 O-O 6. Bg2 d6 7. O-O a5 8. Re1 Ne4 9. Qc2 Nxc3 10. Qxc3 Nc6 11. e4 e5 12. d5 Nb4 13. a3 fxe4 14.
Rxe4 Bf5 15. Re2 Qd7 16. Be3 Na6 17. Nd2 Bg4 18. f3 Bf5 19. Ne4 a4 20. Rf1 b5 21. Rff2 bxc4 22. Qxc4 Rfb8 23. Bf1 Rb3 24. Nc3 Nc5 25. Bxc5 dxc5 26. Rxe5 Kh8 27. Rfe2 Bf6 28. f4 Bg4 29. R2e3 Bxe5 30. fxe5 Rxb2 31. e6 Qe7 32. Qxg4 Rf8 33. Rf3 Rg8 34. Rf7 Qd6 35. Qe4 c4 36. Bxc4 Qc5+ 37. Kh1 Qxa3 38. Bd3 Qa1+ 39.
Rf1 Qxf1+ 40. Bxf1 Rf8 41. Bd3 Rff2 42. Qxh7# 1-0

[Event "Early-Titled-Tuesday-Blitz-January-16-2024"]
[Site "Chess.com"]
[Date "2024.01.16"]
[Round "11"]
[White "Actuary44"]
[Black "CristianS27"]
[Result "0-1"]
[WhiteElo "2492"]
[BlackElo "2611"]
[TimeControl "180+1"]
[EndTime "10:09:39 PST"]
[Termination "CristianS27 won on time"]

1. e4 e5 2. Nf3 d5 3. exd5 e4 4.
Ne5 Qxd5 5. d4 exd3 6. Nxd3 Nf6 7. Nc3 Qd8 8. Be2 Bd6 9. O-O O-O 10. Bg5 h6 11.
Bh4 Nc6 12. f4 a5 13. Kh1 Nb4 14. Nxb4 axb4 15. Nd5 Be7 16. Nxe7+ Qxe7 17. Bf3 c6 18.
Qd4 c5 19. Bxf6 Qxf6 20. Qxc5 Qxb2 21. Rab1 Qxa2 22. Rxb4 Qe6 23. h3 Ra2 24. Bd5 Qf5 25. Rc4 Ra8 26. g4 Qf6 27. Be4 Bxg4 28. hxg4 Qh4+ 29.
Kg2 Qxg4+ 30. Kh2 Qh4+ 31. Kg2 Qg4+ 32. Kh2 Rac8 33. Qd4 Qe2+ 34. Rf2 Qxc4 35. Qe3 Qc3 36. Qb6 Qf6 37. f5 Qxb6 0-1

[Event "Early-Titled-Tuesday-Blitz-January-16-2024"]
[Site "Chess.com"]
[Date "2024.01.16"]
[Round "11"]
[White "Byniolus"]
[Black "RodokininEV"]
[Result "0-1"]
[WhiteElo "2745"]
[BlackElo "2625"]
[TimeControl "180+1"]
[EndTime "10:09:40 PST"]
[Termination "RodokininEV won on time"]

1. d3 d5 2. c3 c6 3. e4 e5 4. Nf3 Nd7 5. Nbd2 Ngf6 6. Be2 Bd6 7. O-O Nf8 8. exd5 cxd5 9. c4 Ng6 10. cxd5 O-O 11.
Ne4 Nxd5 12. d4 exd4 13. Nxd6 Qxd6 14. Qxd4 Be6 15. g3 Rfd8 16. Ng5 Bf5 17. Bc4 Rac8 18. Bb3 h6 19. Nf3 b6 20. Bd2 Nf6 21. Qxd6 Rxd6 22. Bb4 Rd3 23. Ne1 Rdd8 24. f3 h5 25.
Ng2 Nd5 26. Bd2 Bc2 27. Bxd5 Rxd5 28. Bc3 Bd3 29. Rfe1 f6 30. Rad1 Rcd8 31. Ne3 R5d7 32. Rd2 Kf7 33. Red1 Bb5 34. Nd5 Bc6 35. Nf4 Rxd2 36.
Rxd2 Rxd2 37. Bxd2 Ne5 38. Bc3 Nxf3+ 39. Kg2 g6 40. h3 Ng5+ 41. Kh2 Ne4 42. Be1 f5 43. Nd3 Bd5 44. Ne5+ Kf6 0-1

[Event "Early-Titled-Tuesday-Blitz-January-16-2024"]
[Site "Chess.com"]
[Date "2024.01.16"]
[Round "11"]
[White "Sanyura"]
[Black "krzyzan94"]
[Result "0-1"]
[WhiteElo "2632"]
[BlackElo "2814"]
[TimeControl "180+1"]
[EndTime "10:09:41 PST"]
[Termination "krzyzan94 won on time"]

1. e4 c6 2. d4 d5 3. e5 Bf5 4. h4 h5 5. c4 e6 6. Nc3 Ne7 7. Nge2 dxc4 8. Ng3 Bg6 9. Bxc4 Nf5 10. Bg5 Qa5 11.
Nxf5 Bxf5 12. O-O Nd7 13. Rc1 Nb6 14. Bd3 Bg4 15. Be2 Bxe2 16. Qxe2 Nd5 17. Ne4 Qxa2 18. f4 Qa4 19. Rcd1 g6 20. Rf3 Kd7 21. Kh2 Kc7 22.
Nd6 Bxd6 23. exd6+ Kd7 24. Rdf1 Rae8 25. Qe5 Rhf8 26.
Be7 Nxe7 27. dxe7 Rxe7 28. Qg7 Rfe8 29. d5 exd5 30. f5 Qxh4+ 31. Kg1 gxf5 32. Rxf5 Kc7 33. Rxf7 Kb6 34. Rxe7 Qxe7 35. Qg6 Qe3+ 36. Kh1 Qe2 37. Kg1 Re5 38. Qg8 Qe3+ 39. Kh1 Re4 40. Qd8+ Kb5 41.
Ra1 b6 0-1

[Event "Early-Titled-Tuesday-Blitz-January-16-2024"]
[Site "Chess.com"]
[Date "2024.01.16"]
[Round "11"]
[White "DeArron_Fox"]
[Black "aistrel"]
[Result "0-1"]
[WhiteElo "2416"]
[BlackElo "2539"]
[TimeControl "180+1"]
[EndTime "10:09:41 PST"]
[Termination "aistrel won by resignation"]

1. d4 d5 2. c4 e6 3. Nc3 c6 4. e3 f5 5. f4 Nf6 6. Nf3 Bd6 7. Be2 O-O 8. O-O Ne4 9. Ne5 Nd7 10. Bd2 Ndf6 11.
Be1 Nxc3 12. Bxc3 Ne4 13. a3 g5 14. Bb4 g4 15. Bxd6 Nxd6 16. h3 h5 17. hxg4 fxg4 18.
Bd3 Kg7 19. g3 Bd7 20. Kg2 Be8 21. Rh1 Qf6 22. Qc2 Bf7 23. c5 Nf5 24. Bxf5 Qxf5 25. Qxf5 exf5 26. Nxf7 Rxf7 27. Rxh5 Re8 28. Kf2 Rfe7 29.
Rah1 Rxe3 30. Rh7+ Kg8 31. Rh8+ Kg7 32. R1h7+ Kg6 33.
Rxe8 Rf3+ 34. Kg2 Kxh7 35. Re7+ Kg6 36. Rxb7 Rd3 37. Rc7 Rd2+ 38. Kf1 Rxb2 39. Rxc6+ Kf7 40. Rd6 Rb3 41. Rxd5 Rxg3 42. Rxf5+ Ke6 43. Re5+ Kd7 44. f5 Rxa3 45. Kg2 Rf3 46. Rd5+ Kc6 47. Re5 Kb5 48. d5 Kxc5 49. f6 Rxf6 50. Kg3 Rg6 51. Re7 a6 52. Ra7 Kxd5 53. Rd7+ Kc4 54. Rc7+ Kb4 55. Rb7+ Ka4 56.
Rb1 a5 57. Rb8 Ka3 58. Rb1 a4 59. Rb8 Ka2 60. Rb4 a3 61. Rb8 Ka1 62. Rb7 a2 63. Rb8 Rf6 64. Kxg4 Rf1 65. Kg3 Rb1 66.
Rc8 Rb3+ 67. Kf2 Kb2 0-1

[Event "Early-Titled-Tuesday-Blitz-January-16-2024"]
[Site "Chess.com"]
[Date "2024.01.16"]
[Round "11"]
[White "stollenmonster"]
[Black "Makswolf200817"]
[Result "1-0"]
[WhiteElo "2884"]
[BlackElo "2664"]
[TimeControl "180+1"]
[EndTime "10:09:43 PST"]
[Termination "stollenmonster won by resignation"]

1. e4 e6 2. Nc3 d5 3. g3 Nf6 4.
Bg2 c5 5. Nge2 d4 6. Nb1 Nc6 7. d3 Be7 8. h3 O-O 9. O-O e5 10. f4 Ne8 11. f5 Bg5 12. Nd2 Nd6 13. g4 b5 14. Ng3 c4 15. Nf3 Bxc1 16. Qxc1 Ba6 17. Nh5 f6 18. g5 Ne8 19. g6 h6 20.
Nh2 Rc8 21. Ng4 cxd3 22. Nxg7 Nxg7 23. Qxh6 Re8 24. cxd3 b4 25. Rf3 Rc7 26. Qh7+ Kf8 27. Qh8+ Ke7 28. Qxg7+ Kd6 29. Qxf6+ Qxf6 30. Nxf6 Rf8 31.
Ng4 Ne7 32. g7 Rf7 33. f6 Ng8 34. h4 Bc8 35. Bh3 Bxg4 36. Bxg4 Rxf6 37. Rxf6+ Nxf6 38.
Rf1 Rxg7 39. Rxf6+ Kc5 40. Kg2 Rxg4+ 41. Kh3 Rg1 42.
h5 Rh1+ 43. Kg4 Rh2 44. Rf3 Rxb2 45. h6 Rh2 46. Rh3 Rg2+ 47. Kf5 Rf2+ 48. Kxe5 Rf8 49. h7 Rh8 50. Kf6 a5 51. Rh5+ Kb6 52. Kg7 b3 53. axb3 1-0

[Event "Early-Titled-Tuesday-Blitz-January-16-2024"]
[Site "Chess.com"]
[Date "2024.01.16"]
[Round "11"]
[White "KevinGeorgeMicheal"]
[Black "sansanathalia"]
[Result "0-1"]
[WhiteElo "2247"]
[BlackElo "2370"]
[TimeControl "180+1"]
[EndTime "10:09:44 PST"]
[Termination "sansanathalia won on time"]

1. e4 c5 2. Nf3 d6 3. Nc3 Nf6 4.
d4 cxd4 5. Nxd4 a6 6. Bc4 e6 7.
O-O Be7 8. a4 O-O 9. Be3 Nc6 10.
f4 Qc7 11. Nxc6 bxc6 12. Qf3 Bb7 13. Rae1 d5 14. Bd3 c5 15. e5 Nd7 16. Bxh7+ Kxh7 17. Qh5+ Kg8 18. Rf3 f6 19. Rh3 d4 20. Qh7+ Kf7 21. f5 exf5 22. e6+ Ke8 23. exd7+ Qxd7 24. Bf2 Qc6 25. Qxg7 Rf7 26. Qg6 dxc3 27. Rhe3 Kd7 28. Rd3+ Kc7 29. Rg3 Raf8 30. bxc3 Bd6 31. Rd3 Be5 32. c4 f4 33. Rf3 Rd7 34. h4 Rdd8 35. Qg7+ Kb8 0-1

[Event "Early-Titled-Tuesday-Blitz-January-16-2024"]
[Site "Chess.com"]
[Date "2024.01.16"]
[Round "11"]
[White "Konavets"]
[Black "GMSrinath"]
[Result "1-0"]
[WhiteElo "3136"]
[BlackElo "2829"]
[TimeControl "180+1"]
[EndTime "10:09:47 PST"]
[Termination "Konavets won on time"]

1. d4 Nf6 2. Nc3 d5 3. Bg5 c5 4.
e4 Nxe4 5. Nxe4 dxe4 6. d5 Qb6 7.
Ne2 g6 8. Qd2 Bg7 9. c3 h6 10.
Be3 Nd7 11. Nf4 Nf6 12. h3 O-O 13. b4 Qd8 14. Bxc5 g5 15. Ne2 b6 16. Bd4 Qxd5 17.
c4 Qxc4 18. Rc1 Qe6 19. Ng3 Rd8 20. Qb2 e3 21. fxe3 Nh5 22. Ne2 Bxd4 23. exd4 Ng3 24. Rg1 Ba6 25. b5 Bb7 26. Kf2 Ne4+ 27. Ke1 Rac8 28. g3 Qf5 29. Rg2 Rxc1+ 30. Qxc1 Rc8 31. Qe3 Rc2 32. Nf4 Rc3 33. Nd3 Qc8 34. Be2 Nf6 35.
Rf2 Ra3 36. Qxe7 Qc3+ 37. Kf1 Qa1+ 38. Ne1 Rxg3 39. Qd8+ Kh7 40. Qxf6 1-0

[Event "Early-Titled-Tuesday-Blitz-January-16-2024"]
[Site "Chess.com"]
[Date "2024.01.16"]
[Round "11"]
[White "DvaHrasta"]
[Black "valik3504"]
[Result "0-1"]
[WhiteElo "2441"]
[BlackElo "2553"]
[TimeControl "180+1"]
[EndTime "10:09:47 PST"]
[Termination "valik3504 won on time"]

1. c4 g6 2. g3 Bg7 3. Bg2 c5 4. Nc3 Nc6 5. Nf3 d6 6. O-O Rb8 7. e3 Nf6 8. d4 O-O 9. dxc5 dxc5 10. Qxd8 Rxd8 11. Na4 b6 12. e4 Nxe4 13. Re1 Nd6 14.
Bf4 Bd7 15. Rad1 Nd4 16. Nc3 Bg4 17. Rd3 Bxf3 18. Bxf3 e5 19. Bg5 f6 20. Bd5+ Kh8 21.
Bd2 b5 22. cxb5 c4 23. Rde3 Nc2 24. Bc6 Nf5 25. Bc1 Nxe1 26. Rxe1 Nd4 27. Be3 Nxc6 28. bxc6 Rdc8 29. Rd1 Rxc6 30. Rd7 h5 31. Bc1 a6 32. h4 f5 33. Nd5 Re8 34. Kf1 e4 35. Be3 Bxb2 36.
Ne7 Re6 37. Nd5 Be5 38. Nf4 Rc6 39. Nd5 c3 40. Ne7 Re6 41. Nd5 c2 0-1

[Event "Early-Titled-Tuesday-Blitz-January-16-2024"]
[Site "Chess.com"]
[Date "2024.01.16"]
[Round "11"]
[White "Ezov"]
[Black "Massakru"]
[Result "0-1"]
[WhiteElo "2217"]
[BlackElo "2322"]
[TimeControl "180+1"]
[EndTime "10:09:47 PST"]
[Termination "Massakru won on time"]

1. d4 Nf6 2. Nc3 d5 3. Bf4 e6 4. Qd2 Bb4 5. f3 O-O 6. a3 Ba5 7.
O-O-O Nbd7 8. g4 c5 9. e3 cxd4 10. exd4 Bc7 11. Nge2 Nb6 12. Ng3 Bd7 13. g5 Ne8 14. Bd3 Nd6 15. Be5 Ndc4 16. Qf4 Bxe5 17. dxe5 Rc8 18. Qh4 h6 19. f4 Nxa3 20. Nh5 d4 21. Nf6+ Kh8 22. Nce4 Nxc2 23. Bxc2 Ba4 24. Rd2 d3 25. gxh6 gxf6 26. Nxf6 Bxc2 27. Qg5 Rg8 28.
Qg7+ Rxg7 29. hxg7+ Kxg7 30. Rg1+ Kf8 31. Rdg2 Ke7 32.
Kd2 Nc4+ 33. Ke1 d2+ 34. Kf2 d1=Q 35. Kg3 Q1d3+ 36. Kh4 Q8d4 37. Rg3 Qxf4+ 38. Rg4 Qxh2+ 39. Kg5 Qe3+ 0-1

[Event "Early-Titled-Tuesday-Blitz-January-16-2024"]
[Site "Chess.com"]
[Date "2024.01.16"]
[Round "11"]
[White "Kirill_Klukin"]
[Black "GothamChess"]
[Result "0-1"]
[WhiteElo "2858"]
[BlackElo "2750"]
[TimeControl "180+1"]
[EndTime "10:09:49 PST"]
[Termination "GothamChess won by checkmate"]

1. f4 b6 2. Nf3 Bb7 3. e3 e6 4. b3 Nf6 5. Bb2 c5 6. c4 d5 7. d4 cxd4 8. Nxd4 Ne4 9. Nc3 Bb4 10. Ne2 Nc6 11. a3 Bxc3+ 12. Bxc3 Nxc3 13. Nxc3 Qf6 14. Rc1 d4 15. Ne4 Qe7 16. b4 Rd8 17. c5 bxc5 18.
bxc5 O-O 19. Nd6 e5 20. Bd3 exf4 21. e4 Qh4+ 22. Kf1 Ba8 23. Qe1 Qg5 24. h4 Qf6 25. Qf2 Ne5 26. Be2 d3 27. Bf3 Bc6 28. Rd1 Rxd6 29.
cxd6 Qxd6 30. Kg1 Rd8 31. Kh2 h5 32. Rd2 Nc4 33. Rhd1 Nxd2 34. Rxd2 Qxa3 35. Kg1 Qc1+ 36. Kh2 Qc3 37. Rd1 a5 38. e5 Bxf3 39. Qxf3 Qxe5 40. Kh1 Qe3 41. Qb7 d2 42. Qb1 Re8 43. Kh2 f3 44.
gxf3 Qf2+ 45. Kh3 Qxf3+ 46. Kh2 Re2+ 47. Kg1 Qg2# 0-1

[Event "Early-Titled-Tuesday-Blitz-January-16-2024"]
[Site "Chess.com"]
[Date "2024.01.16"]
[Round "11"]
[White "Nuvas"]
[Black "viktorskliarov"]
[Result "0-1"]
[WhiteElo "2770"]
[BlackElo "2674"]
[TimeControl "180+1"]
[EndTime "10:09:49 PST"]
[Termination "viktorskliarov won by resignation"]

1. d4 Nf6 2. c4 e6 3. Nc3 Bb4 4. Qc2 c5 5. dxc5 Na6 6. Nf3 Nxc5 7. g3 Nce4 8. Bg2 Qa5 9. Bd2 Nxd2 10. Nxd2 Bxc3 11. Qxc3 Qxc3 12. bxc3 d6 13. O-O-O Ke7 14. c5 dxc5 15. Nb3 Rb8 16. Na5 Rd8 17. f4 Nd5 18.
Rd3 Bd7 19. e4 b6 20. exd5 bxa5 21. Re1 Bb5 22. Rd2 Bc4 23. f5 Rb6 24. dxe6 Rxd2 25. exf7+ Kxf7 26. Kxd2 Rb2+ 27. Ke3 Rxg2 28. Rd1 Rxh2 29.
g4 Re2+ 30. Kf4 Re7 31. Rd6 Bxa2 32. Ra6 Bc4 33. Rxa5 Rc7 34. Ke5 a6 35. Kd6 Rc8 36. Kd7 Re8 37. Rxc5 Re4 38. Rc7 Rxg4 39. Kd6+ Kf6 40.
Kc5 Bb5 41. Kb6 Rc4 42. Rd7 h5 43. Rd5 h4 44. Rd8 Rxc3 45. Rh8 h3 46. Ka5 Kxf5 47. Kb6 Kg4 48. Rf8 g5 49. Rf1 h2 50. Rg1+ hxg1=Q+ 0-1

[Event "Early-Titled-Tuesday-Blitz-January-16-2024"]
[Site "Chess.com"]
[Date "2024.01.16"]
[Round "11"]
[White "masterofpuppets2"]
[Black "EvgenyBurmakin"]
[Result "0-1"]
[WhiteElo "2521"]
[BlackElo "2423"]
[TimeControl "180+1"]
[EndTime "10:09:49 PST"]
[Termination "EvgenyBurmakin won by checkmate"]

1. d4 Nf6 2. c4 g6 3. f3 Bg7 4. e4 d6 5. Nc3 O-O 6. Be3 Nc6 7. Nge2 a6 8. Qd2 Bd7 9. Nc1 e5 10. d5 Nd4 11. Nb3 Nxb3 12. axb3 Nh5 13. Bd3 f5 14. b4 c6 15. O-O Nf4 16. Bc2 cxd5 17. Nxd5 Bc6 18. Nc3 Rc8 19. Kh1 Ne6 20.
exf5 gxf5 21. Ne2 f4 22. Bg1 Qg5 23. Qxd6 Rf6 24. Qd1 Rd8 25. Qe1 Nd4 26. Nxd4 exd4 27. Bd3 Re8 28. Qd2 Rh6 29. g3 Re3 30. Bxe3 dxe3 31.
Qg2 fxg3 32. h3 Bd7 33. f4 Qe7 34. Qd5+ Be6 35. Qc5 Rxh3+ 36. Kg1 Qh4 37. Kg2 Rh2+ 38. Kf3 g2 39. Kxe3 Rh3+ 40. Kd2 gxf1=Q 41. Bxf1 Rh2+ 42. Kc1 Qxf4+ 43. Kb1 Qxf1+ 44. Ka2 Qxc4+ 45. Ka3 Qb3# 0-1

[Event "Early-Titled-Tuesday-Blitz-January-16-2024"]
[Site "Chess.com"]
[Date "2024.01.16"]
[Round "11"]
[White "TrahtarBelarus"]
[Black "Alexchess1984"]
[Result "0-1"]
[WhiteElo "2871"]
[BlackElo "2697"]
[TimeControl "180+1"]
[EndTime "10:09:51 PST"]
[Termination "Alexchess1984 won by resignation"]

1. a3 d5 2. Nf3 Nf6 3. g3 g6 4.
Bg2 Bg7 5. O-O O-O 6. d4 c6 7. c3 Nbd7 8. Bf4 Nh5 9. e3 Nxf4 10.
exf4 c5 11. Ne5 cxd4 12. cxd4 e6 13. Nc3 Nxe5 14. dxe5 Bd7 15. Qd2 Qb6 16. Rfe1 Rfc8 17. Rac1 Rc5 18. Ne2 Bf8 19. Rxc5 Bxc5 20. Nc1 Rc8 21.
Nd3 Bf8 22. Rc1 Rxc1+ 23. Qxc1 Bb5 24. Bf1 Qc6 25. Qxc6 bxc6 26. b4 Be7 27. Nc1 Bxf1 28. Kxf1 c5 29. bxc5 Bxc5 30. a4 Kf8 31. Nd3 Bb6 32.
Ke2 Ke7 33. Kd2 Kd7 34. Kc3 Kc7 35. Kb4 Kc6 36. h4 Bd8 37. Kb3 Be7 38. Kc3 Kb6 39.
Kb3 Ka5 40. Nc1 Bc5 41. Nd3 Bd4 42. Ka3 Kb6 43. Kb4 Kc6 44. Kb3 Bb6 45. Kb4 Bd8 46. Kb3 f6 47. exf6 Bxf6 48. Kb4 Bd4 49. Kb3 a5 50. Ka3 Kd6 51. Kb3 e5 52. fxe5+ Bxe5 53. Nxe5 Kxe5 54. Kc3 Ke4 55. g4 Kf4 56. Kd4 Kxg4 57.
Kxd5 Kxh4 58. Kc5 Kg4 59. Kb5 h5 60. Kxa5 h4 61. f3+ Kg3 62. Kb6 h3 63. a5 h2 64.
a6 h1=Q 65. a7 Qb1+ 0-1

[Event "Early-Titled-Tuesday-Blitz-January-16-2024"]
[Site "Chess.com"]
[Date "2024.01.16"]
[Round "11"]
[White "DDTerziev04"]
[Black "finec2"]
[Result "1-0"]
[WhiteElo "2189"]
[BlackElo "2292"]
[TimeControl "180+1"]
[EndTime "10:09:51 PST"]
[Termination "DDTerziev04 won on time"]

1. e4 c5 2. Nf3 e6 3. d4 cxd4 4.
Qxd4 Nc6 5. Qe3 d6 6. c4 Nf6 7. Nc3 Be7 8. Be2 a6 9. h3 O-O 10. O-O b6 11. Rd1 Qc7 12. b3 Bb7 13.
Bb2 Rfe8 14. Rac1 Ne5 15. Na4 Ned7 16. Nc3 Rad8 17. Nd4 Qb8 18. Kh1 Bf8 19. f4 Nc5 20.
Bf3 d5 21. e5 Nfe4 22. Bxe4 Nxe4 23. Nxe4 dxe4 24. Ne2 Bc5 25. Bd4 Qc7 26. Bxc5 bxc5 27. Nc3 Rd4 28. Rxd4 cxd4 29. Qxd4 Rd8 30. Qe3 Rd3 31.
Qe2 Qc6 32. Nd1 Qd7 33. Ne3 Qd4 34. Re1 h6 35. f5 Rd2 36. Qg4 Qxe5 37. fxe6 fxe6 38.
Qh4 Rxa2 39. Qd8+ Kh7 40. Qe7 Bc6 41. Qb4 Rb2 42. c5 a5 43. Qc4 Bd5 44. Nxd5 Qxd5 45. Qxe4+ Qxe4 46. Rxe4 Rxb3 47. Rxe6 Rc3 48. c6 a4 49. Re4 1-0

[Event "Early-Titled-Tuesday-Blitz-January-16-2024"]
[Site "Chess.com"]
[Date "2024.01.16"]
[Round "11"]
[White "NowInChess"]
[Black "ZuraTqebuchava"]
[Result "1-0"]
[WhiteElo "2294"]
[BlackElo "2143"]
[TimeControl "180+1"]
[EndTime "10:09:51 PST"]
[Termination "NowInChess won on time"]

1. e4 e5 2. Nf3 Nc6 3. d4 d6 4. dxe5 Nxe5 5. Nxe5 dxe5 6. Qxd8+ Kxd8 7. Bc4 Be6 8. Bxe6 fxe6 9. Be3 Bd6 10. Nd2 Nf6 11. f3 Ke7 12. Ke2 a6 13. a4 b5 14. axb5 axb5 15. c3 Nd7 16. b4 Nb6 17. Bxb6 cxb6 18. Nb3 Ra4 19. Kd2 Rha8 20. Kc2 Ra2+ 21. Kd3 R8a3 22.
Rxa2 Rxa2 23. Nd2 Kf7 24. Rc1 Be7 25. Rc2 Ra1 26. Ke2 Bh4 27. g3 Be7 28. c4 Rh1 29.
Nf1 Bxb4 30. cxb5 Ke7 31. Rc7+ Kd6 32. Rc6+ Kd7 33. Rxb6 Rg1 34. Rc6 Rg2+ 35. Kd3 Rf2 36. Ne3 Rxf3 37. Ke2 Rf8 38. Nc4 Rb8 39. Nxe5+ Ke7 40.
b6 Bd6 41. Nc4 1-0

[Event "Early-Titled-Tuesday-Blitz-January-16-2024"]
[Site "Chess.com"]
[Date "2024.01.16"]
[Round "11"]
[White "sokidze"]
[Black "artin10862"]
[Result "1-0"]
[WhiteElo "2838"]
[BlackElo "2919"]
[TimeControl "180+1"]
[EndTime "10:09:53 PST"]
[Termination "sokidze won on time"]

1. d4 Nf6 2. c4 e6 3. Nf3 b6 4. g3 Ba6 5. Qa4 Bb7 6. Bg2 Be7 7.
O-O O-O 8. Nc3 Ne4 9. Bd2 Qc8 10. Rfd1 a6 11. d5 Nxd2 12. Nxd2 e5 13. Bh3 Qd8 14. Qc2 d6 15. b4 Nd7 16. Nb3 g6 17. e4 h5 18.
Rab1 Rb8 19. a4 Nf6 20. f3 Nh7 21. a5 Ng5 22. Bg2 Bc8 23. axb6 Rxb6 24. Na5 Bd7 25. Na4 Rb8 26. c5 Bxa4 27. Qxa4 dxc5 28. Nc6 Qd6 29.
Nxb8 Rxb8 30. h4 Nh7 31. bxc5 Qxc5+ 32. Kh2 Rxb1 33. Rxb1 g5 34. Qe8+ Kg7 35. Rb8 gxh4 36. Qg8+ Kh6 37. Qxf7 hxg3+ 38. Kxg3 Bh4+ 39. Kh2 Qd6 40. Rg8 1-0

[Event "Early-Titled-Tuesday-Blitz-January-16-2024"]
[Site "Chess.com"]
[Date "2024.01.16"]
[Round "11"]
[White "HajiyevKanan"]
[Black "Matrix3x3a"]
[Result "1-0"]
[WhiteElo "2575"]
[BlackElo "2455"]
[TimeControl "180+1"]
[EndTime "10:09:54 PST"]
[Termination "HajiyevKanan won by resignation"]

1. d4 Nf6 2. Nf3 d5 3. c4 e6 4. cxd5 exd5 5. Nc3 Bf5 6. Qb3 Nc6 7. Bg5 Na5 8. Qa4+ c6 9. Bxf6 gxf6 10. e3 a6 11.
Be2 Qb6 12. O-O Be6 13. a3 Nb3 14. Rad1 O-O-O 15. Nd2 Nxd2 16. Rxd2 h5 17. b4 Kb8 18. Qc2 h4 19. Na4 Qc7 20. Nc5 Bd6 21. f4 Rdg8 22.
Rf2 Bc8 23. Bd3 Qe7 24. Rde2 Qc7 25. a4 Rh5 26. b5 cxb5 27. axb5 a5 28. Qa2 b6 29.
Na6+ Bxa6 30. bxa6 Ka7 31. Rc2 Qd7 32. Be2 Rf5 33.
h3 Bb4 34. Bg4 Kxa6 35. Rb2 Kb7 36. Qb1 Re8 37. Bxf5 Qd6 38. Rf3 Rg8 39. Bh7 Rg7 40.
Bd3 Rg8 41. Qd1 Rc8 42. Kh2 Rc3 43. Rb3 Rc7 44. Rf2 Re7 45. Bf5 a4 46. Rbb2 Rxe3 47. Qxa4 Bc3 48. Rbc2 Bxd4 49. Qxd4 Re7 50. Rfd2 Rc7 51.
Rxc7+ Qxc7 52. Qxd5+ Kb8 53. Ra2 Qb7 54. Qd8+ 1-0

[Event "Early-Titled-Tuesday-Blitz-January-16-2024"]
[Site "Chess.com"]
[Date "2024.01.16"]
[Round "11"]
[White "Doublekk14"]
[Black "iwanyu"]
[Result "0-1"]
[WhiteElo "2291"]
[BlackElo "2664"]
[TimeControl "180+1"]
[EndTime "10:09:55 PST"]
[Termination "iwanyu won on time"]

1. c4 Nf6 2. Nc3 g6 3. e3 Bg7 4.
d4 O-O 5. Nf3 d5 6. Be2 c5 7. O-O cxd4 8. exd4 dxc4 9. Bxc4 b6 10. h3 Bb7 11. Be3 Nc6 12. Ne5 Na5 13. Be2 Nd5 14.
Bf3 Rc8 15. Rc1 Nxc3 16. bxc3 Bxf3 17. Qxf3 Nc4 18. Nxc4 Rxc4 19. Qb7 Ra4 20. Qc6 Qe8 21. Qd5 b5 22. Rb1 a6 23. Rb4 e6 24. Qb3 Rxb4 25.
Qxb4 Qc6 26. Ra1 Rc8 27. Bd2 Bf8 28. Qb3 Qc4 29. Qxc4 Rxc4 30. Rb1 Bd6 31. Kf1 e5 32. dxe5 Bxe5 33. Rb3 Ra4 34. Rb2 Kf8 35. Ke2 Ke7 36. Kd3 Ke6 37. Be3 Kd5 38. Kc2 Ra3 39. Bd2 Kc5 40. Be3+ Kc4 41. Rb4+ Kd5 42. Bd2 Rxa2+ 43.
Kd3 Ra3 44. f4 Bg7 45. g4 f5 46. gxf5 gxf5 47. Rb1 Bf6 48. Rb2 Ra1 49. Rb4 Rh1 0-1

[Event "Early-Titled-Tuesday-Blitz-January-16-2024"]
[Site "Chess.com"]
[Date "2024.01.16"]
[Round "11"]
[White "dasatcu90"]
[Black "pfalcon1949"]
[Result "1-0"]
[WhiteElo "2268"]
[BlackElo "1991"]
[TimeControl "180+1"]
[EndTime "10:09:55 PST"]
[Termination "dasatcu90 won by checkmate"]

1. d4 Nf6 2. Nf3 d5 3. e3 c5 4. c4 cxd4 5. exd4 e6 6. Nc3 Be7 7. Bd3 dxc4 8. Bxc4 O-O 9. O-O b6 10. d5 Qc7 11. Bb3 Nxd5 12. Nxd5 exd5 13. Bxd5 Bb7 14.
Bf4 Qc8 15. Rc1 Nc6 16. Qa4 Bc5 17. a3 a5 18. Rfd1 Ne7 19. Bxb7 Qxb7 20. Qb3 a4 21. Qb5 Ra5 22. Qd3 Ng6 23. Bd2 Ra7 24. Bc3 h6 25.
Qf5 Qe7 26. Re1 Nh4 27. Rxe7 Nxf5 28. Rxa7 Re8 29. h3 h5 30. Kf1 h4 31. Rxa4 f6 32. Nxh4 Nxh4 33. Rxh4 Rd8 34. g3 Kf7 35. Re4 Rd7 36.
Ke2 Ra7 37. Rd1 Kg6 38. Rd5 Ra8 39. Rxc5 bxc5 40. Rc4 Rc8 41. b4 Re8+ 42. Kd3 cxb4 43.
Bxb4 Re5 44. Rc5 Re6 45. h4 Rd6+ 46. Ke2 Re6+ 47. Kd3 Rd6+ 48. Kc4 Rd1 49. h5+ Kh6 50. Kb5 Rc1 51. Rxc1 Kxh5 52. Rc4 Kg6 53. Rg4+ Kf7 54. Bc3 g5 55. Bxf6 Kg6 56. Rxg5+ Kxf6 57. Rg4 Kf5 58. Rf4+ Ke5 59. a4 Ke6 60. a5 Kd7 61. a6 Kd6 62. a7 Kd5 63. a8=Q+ Ke5 64. Qe8+ Kd6 65. Qd8+ Ke5 66.
Qd4+ Ke6 67. Rf6+ Ke7 68. Qd6+ Ke8 69. Rf8# 1-0

[Event "Early-Titled-Tuesday-Blitz-January-16-2024"]
[Site "Chess.com"]
[Date "2024.01.16"]
[Round "11"]
[White "stratacticos"]
[Black "abelmat"]
[Result "0-1"]
[WhiteElo "1962"]
[BlackElo "2072"]
[TimeControl "180+1"]
[EndTime "10:09:55 PST"]
[Termination "abelmat won on time"]

1. e4 e6 2. d4 d5 3. e5 c5 4. c3 Bd7 5. Nf3 Qb6 6. a4 cxd4 7.
Nxd4 Nc6 8. Nxc6 bxc6 9. Be2 Ne7 10. O-O c5 11. b4 cxb4 12. cxb4 Qxb4 13. Ba3 Qb7 14.
Nc3 Ng6 15. Bxf8 Kxf8 16. f4 Ne7 17. f5 Nxf5 18. Rxf5 exf5 19. Nxd5 Bc6 20. Nf4 Rd8 21. Qc1 Qb6+ 22. Kh1 g6 23. e6 fxe6 24. Nxe6+ Ke7 25.
Bc4 Qf2 26. Qa3+ Rd6 27. Bf1 Kxe6 28. Qb3+ Bd5 29. Qc3 Rhd8 30. Re1+ Be4 31. Bc4+ Ke7 32. Qg7+ Ke8 33. Bb5+ R8d7 34. Qg8+ Ke7 35. Qg7+ Kd8 36. Qf8+ Kc7 37. Rc1+ Bc6 38. Bxc6 Rd1+ 0-1

[Event "Early-Titled-Tuesday-Blitz-January-16-2024"]
[Site "Chess.com"]
[Date "2024.01.16"]
[Round "11"]
[White "AryanTari"]
[Black "Martial2008"]
[Result "1-0"]
[WhiteElo "2930"]
[BlackElo "2736"]
[TimeControl "180+1"]
[EndTime "10:09:56 PST"]
[Termination "AryanTari won on time"]

1. a3 a6 2. e4 e5 3. Nf3 Nc6 4. Nc3 Nf6 5. d4 exd4 6. Nxd4 Bc5 7. Be3 Bxd4 8. Bxd4 Qe7 9. Bc4 Nxd4 10. Qxd4 d6 11.
O-O-O Be6 12. f4 Bxc4 13. Qxc4 O-O-O 14. g4 Kb8 15. g5 Nh5 16. Nd5 Qd7 17. Rhf1 Rhe8 18.
Rd3 Qc6 19. Qd4 Qc5 20. Qxc5 dxc5 21. e5 c6 22. Ne3 Rxd3 23. cxd3 Rd8 24. Kc2 Rd4 25.
f5 Nf4 26. e6 fxe6 27. f6 gxf6 28. gxf6 Ng6 29. f7 Rd8 30. Ng4 Rf8 31. Nh6 Kc7 32. Kd2 Kd6 33. Ke3 Ne7 34. Ke4 Nd5 35. Rg1 Nf6+ 36. Kf4 Nd5+ 37. Ke4 Nf6+ 38. Kf3 Nd7 39. Kf4 Ke7 40. Rg7 Kf6 41. Rg8 Ke7 42. Kg5 Ne5 43.
Rxf8 Kxf8 44. Kf6 Nxd3 45. Ng4 Nf4 46. Ne5 Nd5+ 47. Kxe6 Nf4+ 48. Kf5 Nd5 49. Ke6 Nf4+ 50.
Kd6 Ng6 51. Nxg6+ hxg6 52. Kxc5 Kxf7 53. Kb6 1-0